 Dungeon Crawl Stone Soup version 0.31-a0-1611-g890cdf5628 (webtiles) character file.

Game seed: 1148667456784442563

160429 Monkooky the Metamorph (level 16, -3/193 HPs)
             Began as an Armataur Shapeshifter on Jan 8, 2024.
             Was the Champion of Jiyva.
             Slain by an eleionoma (9 damage)
             ... while paralysed by an orc sorcerer
             ... on level 4 of the Swamp.
             The game lasted 01:10:51 (16962 turns).

Monkooky the Metamorph (Armataur Shapeshifter)     Turns: 16962, Time: 01:10:51

Health: -3/193     AC: 32    Str: 38    XL:     16   Next: 46%
Magic:  0/24       EV:  1    Int: 20    God:    Jiyva [******]
Gold:   3153       SH:  0    Dex:  6    Spells: 18/25 levels left

rFire   . .          .
                       - Unarmed
rCold   + + .        (no shield)
rNeg    + + .        h - melded +0 leather armour
rPois   ∞            C - +1 hat
rElec   +            y - +3 cloak "Xongita" {rElec rN+ Str+4 Dex-3}
rCorr   +            B - melded +2 pair of gloves
SInv    .            n - melded +2 barding {Fly}
Will    +....        g - amulet of guardian spirit
Stlth   ++           R - ring of Mealeimis {rC+ Str+6 Dex+3}
HPRegen 2.12/turn    U - +5 ring of evasion
MPRegen 0.99/turn

%: guardian spirit, roll
@: paralysed, statue-form, calling ooze, hasted, studying Fighting
A: slow and powerful, torment resistance 1, boosted hp, large, deformed body,
(tough skin 3), armoured tail, roll 2, talons 2, (iridescent scales 2), clever
2, cold resistance 1, sense surroundings 1, (shaggy fur 1), strong 1, acidic
bite, (gelatinous body 1), translucent skin 1, jelly sensing items, engulf
}: 1/15 runes: slimy
a: Begin Untransformation, Renounce Religion, Oozemancy, Slimify


You were on level 4 of the Swamp.
You worshipped Jiyva.
Jiyva was exalted by your worship.
You were a living statue of rough stone.
You visited 5 branches of the dungeon, and saw 31 of its levels.
You also visited: Sewer and Bailey.

You collected 3371 gold pieces.
You spent 218 gold pieces at shops.

Inventory:

Missiles
 c - 6 javelins
 e - 6 throwing nets
 v - 12 curare-tipped darts
Armour
 h - a +0 leather armour (melded)
 n - a +2 barding of flying (melded)
 y - the +3 cloak "Xongita" (worn) {rElec rN+ Str+4 Dex-3}
   (You found it on level 5 of the Pits of Slime)

   Str+4:     It affects your strength (+4).
   Dex-3:     It affects your dexterity (-3).
   rElec:     It insulates you from electricity.
   rN+:       It protects you from negative energy.
 B - a +2 pair of gloves (melded)
 C - a +1 hat (worn)
 E - a +0 kite shield
 N - a +0 plate armour
 P - a +2 helmet of see invisible
 X - a +2 scale mail of fire resistance
Jewellery
 b - the ring "Secom" {rC+ Dex+4 SInv}
   (You found it on level 5 of the Pits of Slime)

   [ring of see invisible]

   Dex+4:     It affects your dexterity (+4).
   rC+:       It protects you from cold.
   SInv:      It lets you see invisible.
 g - an amulet of guardian spirit (around neck)
 k - the ring "Okuud" {Fly rN+ Dex+3 Stlth-}
   (You found it on level 5 of the Pits of Slime)

   [ring of flight]

   Dex+3:     It affects your dexterity (+3).
   rN+:       It protects you from negative energy.
   Fly:       It grants you flight.
   Stlth-:    It makes you less stealthy.
 F - a ring of fire
 G - a ring of wizardry
 R - the ring of Mealeimis (left fist) {rC+ Str+6 Dex+3}
   (You found it on level 1 of the Lair of Beasts)

   [ring of strength]

   Str+6:     It affects your strength (+6).
   Dex+3:     It affects your dexterity (+3).
   rC+:       It protects you from cold.
 U - a +5 ring of evasion (right fist)
Talismans
 i - a talisman of death
 M - a granite talisman (active)
Wands
 p - a wand of digging (6)
 H - a wand of paralysis (17)
 K - a wand of flame (41)
 L - a wand of mindburst (24)
 O - a wand of light (1)
 V - a wand of roots (20)
Scrolls
 d - 4 scrolls of amnesia
 f - 2 scrolls of poison
 r - 3 scrolls of vulnerability
 s - 3 scrolls of immolation {unknown}
 x - 3 scrolls of fog
 D - 3 scrolls of noise {unknown}
 J - 6 scrolls of revelation
 Q - 2 scrolls of fear
 W - a scroll of silence
 Y - 6 scrolls of teleportation
Potions
 a - 2 potions of attraction
 j - a potion of berserk rage
 l - 4 potions of brilliance {unknown}
 m - 5 potions of might
 q - 5 potions of haste
 u - 2 potions of enlightenment
 w - a potion of cancellation
 z - a potion of magic
 A - 3 potions of curing
 I - 2 potions of resistance {unknown}
 S - 3 potions of invisibility
 T - 4 potions of mutation {unknown}
Miscellaneous
 o - a lightning rod (4/4)


   Skills:
 - Level 15.4 Fighting
 - Level 8.2 Armour
 - Level 4.2 Dodging
 - Level 12.5 Unarmed Combat
 + Level 5.3 Spellcasting
 * Level 12.8 Translocations
 - Level 16.0 Shapeshifting


You had 18 spell levels left.
You knew the following spells:

 Your Spells              Type           Power      Damage    Failure   Level
a - Apportation           Tloc           100%       N/A       1%          1
b - Blink                 Tloc           100%       N/A       1%          2
c - Manifold Assault      Tloc           54%        N/A       1%          4

Your spell library contained the following spells:

 Spells                   Type           Power      Damage    Failure   Level
 Lesser Beckoning         Tloc           100%       N/A       1%          2
 Momentum Strike          Conj/Tloc      62%        3d9       1%          2
 Kiss of Death            Conj/Necr      20%        2d7       11%         1
 Shock                    Conj/Air       20%        1d4       11%         1
 Sting                    Conj/Alch      20%        1d4       11%         1
 Summon Small Mammal      Summ           20%        N/A       11%         1
 Call Imp                 Summ           10%        N/A       17%         2
 Ensorcelled Hibernation  Hex/Ice        10%        N/A       17%         2
 Jinxbite                 Hex            10%        N/A       17%         2
 Mercury Vapours          Alch/Air       10%        N/A       17%         2
 Call Canine Familiar     Summ           5%         N/A       32%         3
 Confusing Touch          Hex            5%         N/A       32%         3
 Dazzling Flash           Conj/Hex       10%        N/A       32%         3
 Fugue of the Fallen      Necr           5%         N/A       32%         3
 Mephitic Cloud           Conj/Alch/Air  5%         N/A       32%         3
 Ozocubu's Armour         Ice            5%         N/A       32%         3
 Summon Ice Beast         Ice/Summ       5%         N/A       32%         3
 Swiftness                Air            5%         N/A       32%         3
 Airstrike                Air            2%         2d(1-17)  73%         4
 Anguish                  Hex/Necr       2%         N/A       73%         4
 Brom's Barrelling Bould  Conj/Erth      5%         2d3       73%         4
 Cause Fear               Hex            2%         N/A       73%         4
 Dispel Undead            Necr           5%         3d7       73%         4
 Fulminant Prism          Conj/Alch      2%         3d5       73%         4
 Olgreb's Toxic Radiance  Alch           5%         N/A       73%         4
 Summon Blazeheart Golem  Fire/Summ      5%         N/A       73%         4
 Alistair's Intoxication  Alch           3%         N/A       97%         5
 Curse of Agony           Necr           5%         N/A       97%         5
 Fireball                 Conj/Fire      2%         3d4       97%         5
 Iskenderun's Battlesphe  Conj           5%         2d6       97%         5
 Silence                  Hex/Air        2%         N/A       97%         5
 Summon Mana Viper        Hex/Summ       5%         N/A       97%         5
 Conjure Ball Lightning   Conj/Air       2%         3x3d6     100%        6
 Monstrous Menagerie      Summ           2%         N/A       100%        7
 Orb of Destruction       Conj           2%         9d5       100%        7
 Spellforged Servitor     Conj/Summ      2%         N/A       100%        7
 Summon Hydra             Summ           2%         N/A       100%        7
 Dragon's Call            Summ           2%         N/A       100%        9
 Sublimation of Blood     Necr           Unusable   N/A       N/A         2

Dungeon Overview and Level Annotations

Branches:
Dungeon (15/15)            Temple (0/1) D:4            Lair (5/5) D:10
  Swamp (4/4) Lair:3        Snake (0/4) Lair:2        Slime (5/5) Lair:4
    Orc (2/2) D:12            Elf (0/3) Orc:2        Vaults (0/5) D:13
 Depths (0/4) D:15          Sewer (visited)          Bailey (visited)

Altars:
Ashenzari
Dithmenos
Gozag
Nemelex Xobeh
Okawaru
Sif Muna
Uskayaw
Vehumet
Wu Jian
Yredelemnul
Zin
Jiyva

Shops:
D:7 [   D:8 *   Orc:2 =(=(

Portals:
Abyss: D:5

Annotations:
Swamp:4 Mara
Slime:5 Royal Jelly


Innate Abilities, Weirdness & Mutations

You are a living statue of rough stone.
Your actions are slow, but your melee attacks are powerful.
You are resistant to unholy torment.
Your maximum health is greatly increased.
Your equipment is partially melded.
You are immune to poison.
Armour fits poorly on your strangely shaped body.
((You have extremely tough skin. (AC +3)))
You have a long armoured tail.
You regenerate magic and health when rolling toward enemies. (Rampage Regen)
You have razor-sharp toenails.
((You are mostly covered in iridescent scales. (AC +4)))
Your mind is very acute. (Int +8, Str/Dex -2)
Your flesh is cold resistant. (rC+)
You passively map a small area around you.
((You are covered in fur. (AC +1)))
Your muscles are strong. (Str +4, Int/Dex -1)
You have acidic saliva.
((Your rubbery body absorbs attacks. (AC +1, EV +1)))
Your translucent skin slightly reduces your foes' accuracy. (Stealth+)
You have a small jelly attached to you that senses nearby items.
Your melee attacks may engulf your foes in ooze.


Message History

Unknown command.
You pummel the shambling mangrove!!
You claw the shambling mangrove, but do no damage.
You punch the shambling mangrove.
You destroy the shambling mangrove!
The walls burn the deep elf zephyrmancer!
You kill the deep elf zephyrmancer!
The walls burn the death drake!
The death drake closely misses you.
A hellwing, a spriggan druid, an arcanist, an eleionoma and Mara come into view.
Mara is wielding a +2 demon blade of electrocution.
The spriggan druid shouts!
The eleionoma shouts!
The walls burn the death drake!
You kill the death drake!
Mara blinks!
The walls burn the chaos spawn!
A spriggan druid comes into view.
It is wielding a +1 spectral quarterstaff.
The orc sorcerer casts a spell at you.
You suddenly lose the ability to move!
The wall burns the eleionoma!
The eleionoma flows through the trees.
The walls burn Mara!
Mara hits you with a +2 demon blade of electrocution!
* * * LOW HITPOINT WARNING * * *
The wall burns the hellwing!
The walls burn the chaos spawn!
You kill the chaos spawn!
The chaos spawn degenerates into a cloud of primal chaos!
The orc sorcerer casts a spell at you.
The bolt of fire hits you but does no damage.
The walls burn the eleionoma!
The walls burn Mara!
Mara hits you with a +2 demon blade of electrocution!
* * * LOW HITPOINT WARNING * * *
The walls burn the eleionoma!
The eleionoma hits you but does no damage.
The wall burns the spriggan druid! x2
A chaos spawn comes into view.
The walls burn Mara!
Mara hits you with a +2 demon blade of electrocution!
* * * LOW HITPOINT WARNING * * *
The wall burns the hellwing!
The walls burn the eleionoma!
The eleionoma hits you!
You die...

~~
~~~H.~~~~.§~~.~
~~~~~~~ ~ * ~~
~ ..~~~ *
~~~~~~~ , * ~
♣♣♣~ * ♣~~♣H.~
* ~ ~ ~ ~ *♣?*
########.. ~ ~
#~~.♣, ## ~ ~ *
~ ♣~~~♣♣ ~ * ~
~ R~.~~♣ , ~ ~
* , *
~##R§~~~♣~~ * *
* ~ ** ,#8##* *
*~ ~*,, ,
♣~iR#~#* *, ~ ,
#~.~i#[§#* ~
*♣~~.§##~4# * *
~ , ~ #~p~~.
*~.p♣ *~ ,, *
,~#.x.~~~ #♣o4~
* * * ,
*#§.♣~.~ 2e.4 *
#~~~~§~ ,~..^ ~
*,~ * ~8.~ ~


You could see Mara, a bunyip, 2 eleionomae, a green death, a hellwing, 2
spriggan druids, a deep elf zephyrmancer, 2 arcanists, an orc sorcerer and 2
chaos spawn.

Vanquished Creatures
  Jorgrun (Swamp:3)
  3 fenstrider witches (Swamp:4)
  An orc warlord (Orc:1)
  The ghost of Phlounder the Nimble, a journeyman DjIE of Makhleb (Lair:5)
  2 bunyips (Swamp:1)
  3 eleionomae
  Nessos (Lair:4)
  The ghost of garrulousMonolith the Geomancer, a journeyman GrEE of Sif Muna (Lair:5)
  Josephine (Lair:4)
  A fire dragon (Lair:5)
  A shambling mangrove (Swamp:4)
  A rakshasa (D:13)
  A vault guard (D:13)
  Harold (D:9)
  A ghost crab (Swamp:1)
  8 boulder beetles
  2 ogre magi
  4 alligators
  A sphinx zombie (D:15)
  3 centaur warriors
  Erica (D:8)
  An ironbound frostheart (D:13)
  8 hydras
  8 two-headed ogres
  A death knight (D:14)
  A death yak (Lair:5)
  A vampire mage (D:15)
  An occultist (D:15)
  Nergalle (Lair:1)
  8 spriggans
  Sonja (Lair:3)
  Amaemon (D:9)
  A soul eater (Swamp:4)
  3 skeletal warriors (D:15)
  A skyshark (Lair:3)
  A death drake (Swamp:4)
  2 spriggan druids
  2 swamp dragons
  3 bog bodies
  Pikel (D:7)
  An obsidian statue (D:12)
  2 lindwurms (Lair:5)
  A deep elf zephyrmancer (Swamp:4)
  2 necromancers
  5 orc knights
  A wolf spider (Lair:5)
  A deep elf pyromancer (D:13)
  A will-o-the-wisp (Swamp:4)
  2 manticores
  24 ugly things
  An orc sorcerer (Orc:1)
  Maurice (D:7)
  The ghost of ChongLi the Insei, a novice OpSh of Gozag (D:5)
  5 cyclopes
  10 elephants
  4 kobold blastminers (Orc:2)
  A guardian serpent (Lair:5)
  A smoke demon (Swamp:4)
  Joseph (D:9)
  2 gargoyles
  13 black mambas
  An orange demon (D:9)
  11 cane toads
  6 torpor snails
  Maggie (D:8)
  2 unseen horrors
  3 kobold demonologists
  A rime drake (Lair:4)
  An efreet (D:13)
  12 komodo dragons
  A tengu conjurer (D:13)
  2 freezing wraiths
  A bloated husk (Swamp:1)
  11 trolls
  A polar bear (Lair:2)
  3 tyrant leeches (Lair:5)
  15 hornets
  10 dream sheep
  17 blink frogs
  A raiju (shapeshifter) (D:14)
  A spriggan skeleton (D:15)
  A shadow (D:5)
  A centaur simulacrum (D:15)
  7 wraiths
  3 wargs (Orc:1)
  42 yaks
  11 wyverns
  2 humans (D:13)
  2 basilisks
  A warg (shapeshifter) (D:15)
  15 vampire mosquitoes
  4 death yak simulacra (Lair:5)
  2 redbacks (Lair:5)
  2 chaos spawn (Swamp:4)
  A naga (Lair:2)
  4 swamp worms
  Duvessa (D:7)
  2 acid dragons
  26 water moccasins
  2 hydra simulacra (Lair:5)
  35 orc warriors
  2 laughing skulls (D:14)
  A black bear (D:6)
  An ice beast (D:8)
  2 sky beasts
  3 wolves (Lair:2)
  A small abomination (D:5)
  8 ogres
  16 centaurs
  A phantom (D:6)
  3 kobold brigands
  11 bullfrogs
  A brain worm (Sewer)
  5 scorpions
  5 wights
  Dowan (D:7)
  2 elephant simulacra (Lair:5)
  9 killer bees (D:9)
  3 howler monkeys
  A bombardier beetle (D:4)
  2 gnoll boudas
  12 orc priests
  2 sleepcaps
  A hell rat (Lair:5)
  An iguana (D:6)
  13 orc wizards
  Robin (D:1)
  6 adders
  25 gnolls
  3 river rats
  A shadow imp (D:7)
  4 white imps
  3 hell rat simulacra (Lair:5)
  5 ufetubi
  4 ribbon worms
  6 dart slugs
  63 orcs
  13 ball pythons
  17 bats
  An endoplasm (D:1)
  3 giant cockroaches
  19 goblins
  10 hobgoblins
  A jackal (Sewer)
  11 kobolds
  6 quokkas
  4 frilled lizards (Sewer)
  3 rats
746 creatures vanquished.

Vanquished Creatures (collateral kills)
  Lodul (D:10)
  4 ogres
  An orc priest (D:5)
  An orc wizard (D:5)
  An adder (D:5)
  An orc (D:5)
9 creatures vanquished.

Vanquished Creatures (others)
  An orc knight (Orc:2)
  2 deep elf pyromancers (D:11)
  An ugly thing (D:12)
  A yaktaur (D:11)
  A blink frog (Lair:3)
  3 slime creatures (D:12)
  A shadow (D:11)
  A wraith (D:9)
  A yak (Lair:5)
  2 water moccasins (Lair:5)
  A sky beast (D:7)
  An orc warrior (D:12)
  2 centaurs
  A kobold brigand (D:7)
  A bullfrog (Lair:3)
  A killer bee (D:9)
  85 jellies
  An orc priest (Orc:2)
  2 orc wizards
  7 gnolls (D:7)
  An adder (D:4)
  A dart slug (D:2)
  A ribbon worm (D:4)
  10 orcs
  An endoplasm (D:1)
  A giant cockroach (D:4)
  2 goblins
  2 hobgoblins
  3 quokkas
  2 bats (D:1)
  2 frilled lizards (D:2)
  6 kobolds
  5 rats
153 creatures vanquished.

Grand Total: 908 creatures vanquished

Notes
Turn   | Place    | Note
-------+----------+-------------------------------------------
     0 | D:1      | Monkooky the Armataur Shapeshifter began the quest for the
                  | Orb.
     0 | D:1      | Reached XP level 1. HP: 15/15 MP: 1/1
    72 | D:1      | Found a faded altar of an unknown god.
    78 | D:1      | Prayed at the altar of an unknown god.
    78 | D:1      | Became a worshipper of Jiyva Jifuuren the Shapeless
    78 | D:1      | Reached * piety under Jiyva
   209 | D:1      | Reached XP level 2. HP: 22/22 MP: 2/2
   554 | D:1      | Reached ** piety under Jiyva
   914 | D:2      | Reached XP level 3. HP: 27/27 MP: 3/3
   916 | D:2      | Noticed Robin
   944 | D:1      | Killed Robin
  1125 | D:2      | Reached XP level 4. HP: 34/34 MP: 4/4
  1125 | D:2      | Reached *** piety under Jiyva
  1371 | D:3      | Gained mutation: Your melee attacks may engulf your foes in
                  | ooze. [Jiyva's grace]
  1371 | D:3      | Gained mutation: Your rubbery body absorbs attacks. (AC +1,
                  | EV +1) [Jiyva's grace]
  1371 | D:3      | Gained mutation: Your pliable body absorbs attacks. (AC +2,
                  | EV +2) [Jiyva's grace]
  1371 | D:3      | Gained mutation: Your gelatinous body deflects attacks. (AC
                  | +3, EV +3) [Jiyva's grace]
  1387 | D:3      | Reached skill level 3 in Shapeshifting
  1527 | D:3      | Reached **** piety under Jiyva
  1707 | D:3      | Reached XP level 5. HP: 39/39 MP: 5/5
  1982 | D:4      | Found a staircase to the Ecumenical Temple.
  2001 | D:4      | Reached skill level 4 in Shapeshifting
  2074 | D:4      | Found a hide-covered altar of Uskayaw.
  2082 | D:4      | Found an iron altar of Okawaru.
  2165 | D:4      | Found a glowing drain.
  2172 | Sewer    | Entered a sewer
  2279 | Sewer    | Reached skill level 5 in Shapeshifting
  2279 | Sewer    | Reached XP level 6. HP: 46/46 MP: 6/6
  3052 | D:4      | Reached ***** piety under Jiyva
  3250 | D:5      | Entered Level 5 of the Dungeon
  3381 | D:5      | Reached skill level 6 in Shapeshifting
  3381 | D:5      | Gained mutation: You regenerate magic and health when
                  | rolling toward enemies. (Rampage Regen) [Armataur growth]
  3381 | D:5      | Reached XP level 7. HP: 26/51 MP: 7/7
  3443 | D:5      | Lost mutation: Your gelatinous body deflects attacks. (AC
                  | +3, EV +3) [Jiyva's grace]
  3443 | D:5      | Gained mutation: You expend magic power (3 MP) to
                  | strengthen your wands. [Jiyva's grace]
  3443 | D:5      | Gained mutation: Your translucent skin slightly reduces
                  | your foes' accuracy. (Stealth+) [Jiyva's grace]
  3443 | D:5      | Gained mutation: Your translucent skin reduces your foes'
                  | accuracy. (Stealth+) [Jiyva's grace]
  3443 | D:5      | Gained mutation: Your transparent skin significantly
                  | reduces your foes' accuracy. (Stealth+) [Jiyva's grace]
  3500 | D:5      | Found a transporter.
  3509 | D:5      | Found a transporter.
  3609 | D:5      | Found a sparkling altar of Nemelex Xobeh.
  3634 | D:5      | Found a one-way gate to the infinite horrors of the Abyss.
  3634 | D:5      | Noticed ChongLi's ghost (novice OpSh)
  3698 | D:5      | Reached skill level 7 in Shapeshifting
  3719 | D:5      | Killed ChongLi's ghost
  3720 | D:5      | Reached XP level 8. HP: 23/58 MP: 4/8
  4425 | D:6      | Reached skill level 5 in Fighting
  4513 | D:6      | Reached XP level 9. HP: 74/74 MP: 9/9
  4731 | D:6      | Found a broken altar of Ashenzari.
  4872 | D:7      | Noticed Maurice
  4877 | D:7      | Killed Maurice
  4946 | D:7      | Noticed Pikel
  4963 | D:7      | Killed Pikel
  4974 | D:7      | Found a shimmering blue altar of Sif Muna.
  5225 | D:7      | Noticed Duvessa
  5225 | D:7      | Noticed Dowan
  5229 | D:7      | Killed Dowan
  5231 | D:7      | Killed Duvessa
  5335 | D:7      | Found Retwoxt's Antique Armour Shoppe.
  5500 | D:8      | Reached XP level 10. HP: 91/91 MP: 10/10
  5502 | D:8      | Found an ornate altar of the Wu Jian Council.
  5511 | D:8      | Lost mutation: Your pliable body absorbs attacks. (AC +2,
                  | EV +2) [Jiyva's grace]
  5511 | D:8      | Gained mutation: Your flesh is cold resistant. (rC+)
                  | [Jiyva's grace]
  5511 | D:8      | Gained mutation: Your flesh is very cold resistant. (rC++)
                  | [Jiyva's grace]
  5511 | D:8      | Gained mutation: Your flesh is almost immune to the effects
                  | of cold. (rC+++) [Jiyva's grace]
  5511 | D:8      | Gained mutation: You have hidden genetic potential.
                  | [Jiyva's grace]
  5540 | D:8      | Noticed Erica
  5540 | D:8      | Noticed Gastronok
  5558 | D:8      | Killed Erica
  5562 | D:8      | Slimified Gastronok
  5562 | D:8      | Gastronok changed into Gastronok the acid blob
  5562 | D:8      | Noticed Gastronok
  5629 | D:8      | Reached skill level 8 in Shapeshifting
  5786 | D:8      | Noticed Maggie
  5796 | D:8      | Killed Maggie
  5970 | D:8      | Reached skill level 9 in Shapeshifting
  6039 | D:8      | Found Qosel's Assorted Antiques.
  6046 | D:8      | Bought a glowing helmet for 172 gold pieces
  6046 | D:8      | Bought a scroll of identify for 46 gold pieces
  6332 | D:9      | Noticed Amaemon
  6338 | D:9      | Noticed an orange demon
  6349 | D:9      | Killed Amaemon
  6353 | D:9      | Killed an orange demon
  6354 | D:9      | Reached skill level 10 in Shapeshifting
  6373 | D:9      | Identified 2 scrolls of acquirement
  6374 | D:9      | Acquired 797 gold pieces
  6376 | D:9      | Acquired a +2 barding of flying
  6414 | D:9      | Reached skill level 1 in Armour
  6455 | D:9      | Noticed a two-headed ogre
  6461 | D:9      | Killed a two-headed ogre
  6462 | D:9      | Reached XP level 11. HP: 97/97 MP: 11/11
  6474 | D:9      | Gained mutation: You are partially covered in iridescent
                  | scales. (AC +2) [hidden potential]
  6482 | D:9      | Found a basalt altar of Yredelemnul.
  6580 | D:9      | Reached skill level 5 in Armour
  6587 | D:9      | Found a flagged portal.
  6611 | Bailey   | Entered a bailey
  6740 | Bailey   | Noticed an orc knight
  6745 | Bailey   | Killed an orc knight
  6899 | D:9      | Found a shadowy altar of Dithmenos.
  7019 | D:9      | Noticed Joseph
  7026 | D:9      | Killed Joseph
  7060 | D:9      | Noticed Harold
  7069 | D:9      | Killed Harold
  7410 | D:10     | Entered Level 10 of the Dungeon
  7410 | D:10     | Noticed a two-headed ogre
  7413 | D:10     | Killed a two-headed ogre
  7447 | D:10     | Noticed Lodul
  7466 | D:10     | Killed Lodul
  7480 | D:10     | Found a glowing silver altar of Zin.
  7557 | D:10     | Found a staircase to the Lair.
  7604 | D:10     | Reached skill level 11 in Shapeshifting
  7716 | D:10     | Found an opulent altar of Gozag.
  7787 | D:10     | Lost mutation: Your flesh is almost immune to the effects
                  | of cold. (rC+++) [Jiyva's grace]
  7787 | D:10     | Gained mutation: You are covered in slimy tendrils that may
                  | disarm your opponents. [Jiyva's grace]
  7787 | D:10     | Gained mutation: Your body has grown eyes which may confuse
                  | attackers. (Acc +3) [Jiyva's grace]
  7787 | D:10     | Gained mutation: Your body has grown many eyes which may
                  | confuse attackers. (Acc +5) [Jiyva's grace]
  7787 | D:10     | Gained mutation: Your body is covered in eyes which may
                  | confuse attackers. (Acc +7, SInv) [Jiyva's grace]
  7808 | D:10     | Noticed a two-headed ogre
  7814 | D:10     | Killed a two-headed ogre
  7902 | D:10     | Found a radiant altar of Vehumet.
  8082 | D:10     | Reached ****** piety under Jiyva
  8419 | D:11     | Reached XP level 12. HP: 96/105 MP: 12/12
  8420 | D:11     | Reached skill level 12 in Shapeshifting
  8420 | D:11     | Noticed a centaur warrior
  8421 | D:11     | Gained mutation: Your natural rate of healing is unusually
                  | fast. [hidden potential]
  8421 | D:11     | Lost mutation: You have hidden genetic potential. [hidden
                  | potential expressed]
  8430 | D:11     | Killed a centaur warrior
  8440 | D:11     | Noticed an ogre mage
  8446 | D:11     | Killed an ogre mage
  8480 | D:11     | Noticed a boulder beetle
  8495 | D:11     | Noticed a two-headed ogre
  8508 | D:11     | Killed a boulder beetle
  8509 | D:11     | Reached skill level 13 in Shapeshifting
  8511 | D:11     | Killed a two-headed ogre
  8556 | D:11     | Noticed a two-headed ogre
  8556 | D:11     | Noticed a centaur warrior
  8563 | D:11     | Killed a two-headed ogre
  8567 | D:11     | Killed a centaur warrior
  8839 | D:11     | Noticed a boulder beetle
  8851 | D:11     | Killed a boulder beetle
  9386 | D:12     | Noticed a two-headed ogre
  9394 | D:12     | Killed a two-headed ogre
  9432 | D:12     | Found a staircase to the Orcish Mines.
  9718 | D:12     | Lost mutation: Your flesh is very cold resistant. (rC++)
                  | [Jiyva's grace]
  9718 | D:12     | Lost mutation: Your transparent skin significantly reduces
                  | your foes' accuracy. (Stealth+) [Jiyva's grace]
  9718 | D:12     | Lost mutation: Your melee attacks may engulf your foes in
                  | ooze. [Jiyva's grace]
  9718 | D:12     | Gained mutation: Your muscles are strong. (Str +4, Int/Dex
                  | -1) [Jiyva's grace]
  9718 | D:12     | Gained mutation: Your muscles are very strong. (Str +8,
                  | Int/Dex -2) [Jiyva's grace]
  9718 | D:12     | Gained mutation: You are covered in fur. (AC +1) [Jiyva's
                  | grace]
  9718 | D:12     | Gained mutation: You are covered in thick fur. (AC +2)
                  | [Jiyva's grace]
  9874 | Lair:1   | Entered Level 1 of the Lair of Beasts
  9874 | Lair:1   | Noticed Nergalle
  9877 | Lair:1   | Killed Nergalle
  9878 | Lair:1   | Reached XP level 13. HP: 111/111 MP: 13/13
  9983 | Lair:1   | Identified the ring of Mealeimis {rC+ Str+6 Dex+3}
 10518 | Lair:2   | Reached skill level 10 in Unarmed Combat
 10587 | Lair:2   | Found a staircase to the Snake Pit.
 10791 | Lair:2   | Lost mutation: Your body is covered in eyes which may
                  | confuse attackers. (Acc +7, SInv) [Jiyva's grace]
 10791 | Lair:2   | Lost mutation: You are covered in slimy tendrils that may
                  | disarm your opponents. [Jiyva's grace]
 10791 | Lair:2   | Gained mutation: You are covered in slimy tendrils that may
                  | disarm your opponents. [Jiyva's grace]
 10791 | Lair:2   | Gained mutation: You have a small jelly attached to you
                  | that may absorb projectiles. [Jiyva's grace]
 10791 | Lair:2   | Gained mutation: You have a pair of small horns on your
                  | head. [Jiyva's grace]
 10791 | Lair:2   | Gained mutation: You have a pair of horns on your head.
                  | [Jiyva's grace]
 10842 | Lair:2   | You fall into a shaft and drop 1 floor!
 10842 | Lair:3   | Noticed Sonja
 10847 | Lair:3   | Killed Sonja
 11026 | Lair:3   | Found a staircase to the Swamp.
 11026 | Lair:3   | Noticed an eleionoma
 11042 | Lair:3   | Killed an eleionoma
 11500 | Lair:4   | Reached skill level 14 in Shapeshifting
 11555 | Lair:4   | Noticed Josephine
 11564 | Lair:4   | Killed Josephine
 11668 | Lair:4   | Found a staircase to the Slime Pits.
 11689 | Lair:4   | Reached XP level 14. HP: 118/118 MP: 14/14
 11703 | Lair:4   | Reached skill level 15 in Shapeshifting
 11753 | Lair:4   | Noticed Nessos
 11769 | Lair:4   | Killed Nessos
 11918 | Lair:4   | Lost mutation: You have a pair of horns on your head.
                  | [Jiyva's grace]
 11918 | Lair:4   | Lost mutation: You are partially covered in iridescent
                  | scales. (AC +2) [Jiyva's grace]
 11918 | Lair:4   | Lost mutation: You are covered in thick fur. (AC +2)
                  | [Jiyva's grace]
 11918 | Lair:4   | Lost mutation: Your muscles are very strong. (Str +8,
                  | Int/Dex -2) [Jiyva's grace]
 11918 | Lair:4   | Gained mutation: You have acidic saliva. [Jiyva's grace]
 11918 | Lair:4   | Gained mutation: You have a small jelly attached to you
                  | that senses nearby items. [Jiyva's grace]
 11918 | Lair:4   | Gained mutation: A frigid envelope surrounds you and
                  | freezes all who hurt you. [Jiyva's grace]
 11918 | Lair:4   | Gained mutation: You have very sharp teeth. [Jiyva's grace]
 12073 | Lair:5   | Entered Level 5 of the Lair of Beasts
 12352 | Lair:5   | Reached skill level 16 in Shapeshifting
 12436 | Lair:5   | Got an earthy gem with 13 turns to spare
 12444 | Lair:5   | Lost the earthy gem through the power of Zot.
 12731 | Lair:5   | Reached skill level 10 in Fighting
 12902 | Lair:5   | Found a runed translucent gate.
 12902 | Lair:5   | Found a runed translucent gate.
 12902 | Lair:5   | Found a runed translucent gate.
 12902 | Lair:5   | Noticed Phlounder's ghost (journeyman DjIE)
 12903 | Lair:5   | Noticed garrulousMonolith's ghost (journeyman GrEE)
 12911 | Lair:5   | Killed garrulousMonolith's ghost
 12916 | Lair:5   | Killed Phlounder's ghost
 13170 | Slime:1  | Entered Level 1 of the Pits of Slime
 13170 | Slime:1  | Noticed a quicksilver ooze
 13175 | Slime:1  | Noticed a rockslime
 13184 | Slime:2  | Noticed a formless jellyfish
 13184 | Slime:2  | Noticed a formless jellyfish
 13184 | Slime:2  | Noticed an acid blob
 13184 | Slime:2  | Noticed a formless jellyfish
 13184 | Slime:2  | Noticed a formless jellyfish
 13184 | Slime:2  | Noticed a formless jellyfish
 13187 | Slime:2  | Noticed a formless jellyfish
 13199 | Slime:5  | Entered Level 5 of the Pits of Slime
 13221 | Slime:5  | Noticed an acid blob
 13221 | Slime:5  | Noticed an acid blob
 13224 | Slime:5  | Found a viscous altar of Jiyva.
 13224 | Slime:5  | Noticed an acid blob
 13225 | Slime:5  | Found the +8 demon blade "Leech" {evervamp, Harm ^Drain
                  | rN+}
 13233 | Slime:5  | Identified the ring "Secom" {rC+ Dex+4 SInv}
 13235 | Slime:5  | Noticed an acid blob
 13236 | Slime:5  | Got a slimy rune of Zot
 13238 | Slime:5  | Got a starry gem with 534 turns to spare
 13248 | Slime:5  | Got Sif Muna's Folio of Ghastly Conflict
 13254 | Slime:5  | Noticed the Royal Jelly
 13265 | Slime:5  | Identified the ring "Okuud" {Fly rN+ Dex+3 Stlth-}
 13265 | Slime:5  | Noticed an azure jelly
 13268 | Slime:5  | Noticed a quicksilver ooze
 13277 | Slime:5  | Identified the +3 cloak "Xongita" {rElec rN+ Str+4 Dex-3}
 13283 | Slime:5  | Noticed an acid blob
 13332 | Slime:2  | Noticed an acid blob
 13334 | Slime:2  | Noticed a rockslime
 13547 | Orc:1    | Entered Level 1 of the Orcish Mines
 13725 | Orc:2    | Entered Level 2 of the Orcish Mines
 13731 | Orc:2    | Reached XP level 15. HP: 129/129 MP: 15/15
 13765 | Orc:2    | Lost mutation: A frigid envelope surrounds you and freezes
                  | all who hurt you. [Jiyva's grace]
 13765 | Orc:2    | Lost mutation: Your natural rate of healing is unusually
                  | fast. [Jiyva's grace]
 13765 | Orc:2    | Lost mutation: Your body has grown many eyes which may
                  | confuse attackers. (Acc +5) [Jiyva's grace]
 13765 | Orc:2    | Lost mutation: You have a small jelly attached to you that
                  | may absorb projectiles. [Jiyva's grace]
 13765 | Orc:2    | Gained mutation: You passively map a small area around you.
                  | [Jiyva's grace]
 13765 | Orc:2    | Gained mutation: You passively map the area around you.
                  | [Jiyva's grace]
 13765 | Orc:2    | Gained mutation: You passively map a large area around you.
                  | [Jiyva's grace]
 13765 | Orc:2    | Gained mutation: You possess an exceptional clarity of
                  | mind. [Jiyva's grace]
 13931 | Orc:2    | Found Ukitroirchi's Jewellery Shop.
 13931 | Orc:2    | Found Nuawn's Weapon Emporium.
 13933 | Orc:2    | Found Saatav's Jewellery Shoppe.
 13935 | Orc:2    | Found Xiqiagaf's Antique Weapon Boutique.
 14164 | Orc:2    | Found a staircase to the Elven Halls.
 14752 | D:13     | Found a gate to the Vaults.
 15300 | D:14     | Reached skill level 15 in Fighting
 15391 | D:14     | Learned a level 1 spell: Apportation
 15394 | D:14     | Learned a level 2 spell: Blink
 15399 | D:14     | Learned a level 4 spell: Manifold Assault
 15417 | D:14     | Reached skill level 1 in Translocations
 15452 | D:14     | Lost mutation: You possess an exceptional clarity of mind.
                  | [Jiyva's grace]
 15452 | D:14     | Lost mutation: Your translucent skin reduces your foes'
                  | accuracy. (Stealth+) [Jiyva's grace]
 15452 | D:14     | Lost mutation: You expend magic power (3 MP) to strengthen
                  | your wands. [Jiyva's grace]
 15452 | D:14     | Gained mutation: Your melee attacks may engulf your foes in
                  | ooze. [Jiyva's grace]
 15452 | D:14     | Gained mutation: You are partially covered in iridescent
                  | scales. (AC +2) [Jiyva's grace]
 15452 | D:14     | Gained mutation: You are mostly covered in iridescent
                  | scales. (AC +4) [Jiyva's grace]
 15452 | D:14     | Gained mutation: You are completely covered in iridescent
                  | scales. (AC +6) [Jiyva's grace]
 15635 | D:14     | Reached skill level 5 in Translocations
 15761 | D:15     | Entered Level 15 of the Dungeon
 15849 | D:15     | Reached skill level 1 in Spellcasting
 15928 | D:15     | Found a staircase to the Depths.
 16008 | D:15     | Found an ornate altar of the Wu Jian Council.
 16759 | Swamp:1  | Entered Level 1 of the Swamp
 16773 | Swamp:1  | Reached XP level 16. HP: 149/149 MP: 18/21
 16794 | Swamp:1  | Reached skill level 10 in Translocations
 16830 | Swamp:3  | Noticed Jorgrun
 16859 | Swamp:3  | Killed Jorgrun
 16925 | Swamp:4  | Entered Level 4 of the Swamp
 16925 | Swamp:4  | Lost mutation: You have very sharp teeth. [Jiyva's grace]
 16925 | Swamp:4  | Lost mutation: You have a pair of small horns on your head.
                  | [Jiyva's grace]
 16925 | Swamp:4  | Lost mutation: You are completely covered in iridescent
                  | scales. (AC +6) [Jiyva's grace]
 16925 | Swamp:4  | Lost mutation: You passively map a large area around you.
                  | [Jiyva's grace]
 16925 | Swamp:4  | Lost mutation: You passively map the area around you.
                  | [Jiyva's grace]
 16925 | Swamp:4  | Lost mutation: Your body has grown eyes which may confuse
                  | attackers. (Acc +3) [Jiyva's grace]
 16925 | Swamp:4  | Lost mutation: You are covered in slimy tendrils that may
                  | disarm your opponents. [Jiyva's grace]
 16925 | Swamp:4  | Gained mutation: Your mind is acute. (Int +4, Str/Dex -1)
                  | [Jiyva's grace]
 16925 | Swamp:4  | Gained mutation: Your mind is very acute. (Int +8, Str/Dex
                  | -2) [Jiyva's grace]
 16925 | Swamp:4  | Gained mutation: You have sharp toenails. [Jiyva's grace]
 16925 | Swamp:4  | Gained mutation: You have razor-sharp toenails. [Jiyva's
                  | grace]
 16934 | Swamp:4  | Paralysed by a fenstrider witch for 5 turns
 16951 | Swamp:4  | HP: 6/185 [fenstrider witch/toxic sludge (8)]
 16954 | Swamp:4  | Reached skill level 5 in Spellcasting
 16959 | Swamp:4  | Noticed Mara
 16959 | Swamp:4  | Paralysed by an orc sorcerer for 4 turns
 16962 | Swamp:4  | HP: 6/193 [Mara/+2 demon blade of electrocution (12)]
 16962 | Swamp:4  | Slain by an eleionoma

Illustrated notes

Levels and vault maps discovered:
D:1:      dpeg_arrival_arbitrary_b, layout_basic, ebering_ecumenical_altar_hall
D:2:      layout_rooms, uniq_robin
D:3:      layout_loops_ring
D:4:      layout_basic, jmf_multi_god_temple2, minmay_temple_entry_tees,
          lightli_sewer_entry_pipes, hangedman_decor_push
D:5:      layout_loops_corners, nemelex_spade_bored_becter,
          gammafunk_ghost_abyssal_escape, minmay_small_thing
D:6:      layout_loops_ring, lemuel_round_altar
D:7:      layout_loops_ring, nicolae_sif_muna_condensation, serial_shops,
          nicolae_square_shop, lightli_minifort, uniq_duvessa, uniq_maurice,
          uniq_pikel
D:8:      layout_basic, mainiacjoe_overflow_six_doors_small, serial_shops, shop,
          uniq_maggie, uniq_erica, uniq_gastronok
D:9:      layout_loops_cross, mainiacjoe_overflow_alcove_2,
          mainiacjoe_overflow_24_doors, enter_bailey_5,
          minmay_misc_feat_encased, minmay_statues_item, minmay_misc_feat_tower,
          kennysheep_generic_room_6, uniq_amaemon, uniq_harold, uniq_joseph
D:10:     layout_basic, zin_academy, kennysheep_little_box,
          mainiacjoe_overflow_tiny_flanked, grunt_lair_entry_orc_guard_hut,
          st_stairs_13, uniq_lodul
D:11:     minmay_the_grid_3x3 [minmay_the_grid_stretched_grid,
          minmay_the_grid_holed_spiral, minmay_the_grid_slots,
          minmay_the_grid_box_x, minmay_the_grid_garden,
          minmay_the_grid_embedded, minmay_the_grid_minigrid_medium,
          minmay_the_grid_fan, minmay_the_grid_prize_trominoes], layout_basic
D:12:     kennysheep_spiral_hall, layout_basic, david_orc_2, minivault_16
D:13:     layout_rooms, hellmonk_vaults_keyhole, minmay_hedge_maze
D:14:     layout_cross, roderic_serpentine_path
D:15:     gammafunk_depths_entry_grave, layout_basic, nzn_wu_jian_council_hall
Lair:1:   layout_roguey, uniq_nergalle
Lair:2:   layout_gridlike, guppyfry_snake_entry_garden, lemuel_fruit_fields,
          lemuel_fruit_tree
Lair:3:   layout_roguey, alex1729_swamp_entry_worm_eleionoma, uniq_sonja
Lair:4:   layout_misc_corridors, slime_entry_1, uniq_josephine, uniq_nessos
Lair:5:   wormcave, layout_gridlike, hangedman_lair_tendril_chambers,
          gammafunk_ghost_cemetery, eino_house_with_fridge
Swamp:1:  layout_basic_swamp, evilmike_swamp_ruin_house_3, swamp_pool_1_2
Swamp:2:  layout_falls_marsh, nicolae_swamp_big_swirl
Swamp:3:  layout_basic_swamp, nicolae_swamp_godswood,
          nicolae_swamp_necromancer_hut, uniq_jorgrun
Swamp:4:  nzn_swamp_witches_coven, layout_basic_swamp, swamp_pool_1_2,
          tekkud_bubbles_buried_in_this_jungle, uniq_mara
Slime:1:  layout_caves
Slime:2:  layout_caves
Slime:3:  layout_caves
Slime:4:  cheibrodos_slime_lost_civilization_10, layout_caves, basic_altar
Slime:5:  slime_pit_nicolae_amoeboid
Orc:1:    layout_caves
Orc:2:    st_orc_rangers, layout_caves

Skill      XL: |  1  2  3  4  5  6  7  8  9 10 11 12 13 14 15 16 |
---------------+-------------------------------------------------+-----
Unarmed Combat | 3 4 6 8 11 12 | 12.5
Shapeshifting  | 3 5 6 7 10 11 13 14 16 | 16.0
Fighting       | 5 9 11 15 | 15.4
Armour         | 4 8 |  8.2
Dodging        | 4 |  4.2
Translocations | 9 12 | 12.8
Spellcasting   | 3 5 |  5.3

Action                     |  1- 3 |  4- 6 |  7- 9 | 10-12 | 13-15 | 16-18 || total
---------------------------+-------+-------+-------+-------+-------+-------++-------
  Melee: Unarmed           |    91 |   163 |   197 |   497 |   741 |    87 ||  1776
         Tailslap          |     8 |    19 |    30 |    91 |   100 |     9 ||   257
         Punch             |     1 |       |     1 |     3 |    44 |     5 ||    54
         Headbutt          |       |       |       |       |   132 |    12 ||   144
         Bite              |       |       |       |       |    54 |    13 ||    67
         Kick              |       |       |       |       |       |     4 ||     4
   Cast: Manifold Assault  |       |       |       |       |    15 |    11 ||    26
 Invoke: Oozemancy         |       |       |     1 |     5 |     3 |     1 ||    10
         Slimify           |       |       |       |     1 |       |       ||     1
  Evoke: Wand              |       |       |       |     1 |     2 |     1 ||     4
    Use: Scroll            |       |       |     4 |     4 |     8 |     5 ||    21
         Potion            |       |       |       |     3 |     1 |     6 ||    10
   Stab: Sleeping          |       |       |       |     4 |     3 |       ||     7
         Confused          |       |       |       |     3 |    17 |     2 ||    22
         Invisible         |       |       |       |       |     1 |       ||     1
         Distracted        |       |       |       |       |     2 |       ||     2
 Armour: Leather armour    |    58 |    73 |    12 |       |       |       ||   143
         Animal skin       |     2 |       |       |       |       |       ||     2
         Skin              |       |       |    72 |   277 |   634 |   230 ||  1213
  Dodge: Dodged            |    37 |    97 |   203 |   517 |   834 |   141 ||  1829
   Form: Flux              |       |       |     1 |       |       |       ||     1
         Statue            |       |       |       |     1 |     1 |       ||     2
                           |       |       |       |       |     1 |       ||     1

Table legend: (Time is in decaauts)
 A = Elapsed time spent in this place.
 B = Non-inter-level travel time spent in this place.
 C = Inter-level travel time spent in this place.
 D = Time resting spent in this place.
 E = Time spent auto-exploring this place.
 F = Levels seen in this place.
 G = Mean time per level.
                   A        B        C        D        E       F      G
               +--------+--------+--------+--------+--------+-----+--------+
         Total |  20625 |  19138 |   1487 |     19 |  12077 |  33 |  625.0 |
       Dungeon |  12830 |  11982 |    848 |     10 |   8388 |  15 |  855.3 |
          Lair |   5079 |   4668 |    411 |      9 |   2679 |   5 | 1015.8 |
         Swamp |    258 |    257 |      1 |      0 |      0 |   4 |   64.5 |
    Slime Pits |    181 |    115 |     66 |      0 |      0 |   5 |   36.2 |
  Orcish Mines |   1510 |   1349 |    161 |      0 |    747 |   2 |  755.0 |
         Sewer |    555 |    555 |      0 |      0 |    255 |   1 |  555.0 |
        Bailey |    208 |    208 |      0 |      0 |      8 |   1 |  208.0 |
               +--------+--------+--------+--------+--------+-----+--------+

Top non-repeatable levels by time:
  Lair:5: 1553 daAuts
    D:11: 1477 daAuts
    D:15: 1196 daAuts
  Lair:1: 1056 daAuts
    D:10: 1056 daAuts
     D:5: 982 daAuts
  Lair:3: 964 daAuts
   Orc:2: 956 daAuts
  Lair:4: 947 daAuts
     D:1: 938 daAuts
    D:13: 885 daAuts
     D:8: 853 daAuts
    D:14: 848 daAuts
     D:9: 839 daAuts
    D:12: 812 daAuts
